 Dungeon Crawl Stone Soup version 0.29-a0-418-gc0181ea820 (webtiles) character file.

Game seed: 16821117264513755463

664 jimonade the Ogre Mage (level 7, -2/67 HPs)
             Began as an Ogre Conjurer on May 18, 2022.
             Slain by a bullfrog (4 damage)
             ... in a sewer.
             The game lasted 00:17:03 (5932 turns).

jimonade the Ogre Mage (Ogre Conjurer)              Turns: 5932, Time: 00:17:04

Health: -2/67      AC:  4    Str: 12    XL:     7   Next: 57%
Magic:  5/16       EV:  9    Int: 21    God:
Gold:   228        SH:  0    Dex:  7    Spells: 7/18 levels left

rFire   . . .      SeeInvis .   m - +0 quarterstaff (venom)
rCold   . . .      Faith    .   (shield currently unavailable)
rNeg    . . .      Spirit   .   a - +1 robe
rPois   +          Reflect  .   (helmet restricted)
rElec   .          Harm     .   (no cloak)
rCorr   .          Rampage  .   (gloves unavailable)
Will    .....                   (boots unavailable)
Stlth   +.........              (no amulet)
HPRegen 0.21/turn               y - ring of flight
MPRegen 0.15/turn               p - ring of poison resistance

@: flying
A: large, unfitting armour, tough skin 1
a: no special abilities


You were in a sewer.
You visited 1 branch of the dungeon, and saw 5 of its levels.
You also visited: Sewer.

You collected 228 gold pieces.

Inventory:

Hand Weapons
 d - a +0 short sword
 f - a +0 hand axe
 m - a +0 quarterstaff of venom (weapon)
 w - a +0 hunting sling
 D - a +0 whip of electrocution
 E - a +0 spear
Missiles
 e - 59 stones
 k - 4 curare-tipped darts
 n - 2 poisoned darts
Armour
 a - a +1 robe (worn)
Jewellery
 c - a +4 ring of evasion
 g - a +6 ring of dexterity
 i - a +4 ring of evasion
 p - a ring of poison resistance (right hand)
 y - a ring of flight (left hand)
Wands
 B - a wand of iceblast (1)
Scrolls
 h - a scroll of enchant armour
 z - a scroll of vulnerability
Potions
 b - a potion of magic
 l - 2 potions of haste
 o - a potion of cancellation
 q - 2 potions of mutation
 s - 4 potions of curing
 t - a potion of invisibility
 u - a potion of lignification
 C - a potion of resistance {unknown}


   Skills:
 * Level 3.6 Fighting
 - Level 1.7 Dodging
 - Level 1.4 Stealth
 * Level 6.0 Spellcasting
 + Level 5.2 Conjurations
 * Level 2.1 Hexes
 * Level 1.7 Translocations


You had 7 spell levels left.
You knew the following spells:

 Your Spells              Type           Power      Damage    Failure   Level
a - Magic Dart            Conj           100%       1d8       1%          1
b - Searing Ray           Conj           56%        2d6       1%          2
c - Fulminant Prism       Conj/Hex       10%        3d9       22%         4
d - Iskenderun's Mystic   Conj/Tloc      21%        2d6       22%         4

Your spell library contained the following spells:

 Spells                   Type           Power      Damage    Failure   Level
 Static Discharge         Conj/Air       17%        N/A       4%          2
 Dazzling Flash           Conj/Hex       42%        N/A       6%          3
 Tukima's Dance           Hex            15%        N/A       12%         3
 Sticky Flame             Conj/Fire      17%        2d4       32%         4
 Passage of Golubria      Tloc           13%        N/A       43%         4
 Dispel Undead            Necr           6%         3d8       67%         4
 Yara's Violent Unravell  Hex/Tmut       5%         3d4       87%         5


Dungeon Overview and Level Annotations

Branches:
Dungeon (5/15)              Sewer (1/1)
 Temple: D:4-7

Altars:
Cheibriados

Annotations:
D:5 Edmund


Innate Abilities, Weirdness & Mutations

You are too large for most types of armour.
You have tough skin. (AC +1)


Message History

Your Spellcasting skill increases to level 6!
You closely miss the bullfrog. The bullfrog hits you.
The bullfrog barely misses you.
You hit the bullfrog.
The bullfrog is lightly wounded.
The bullfrog hits you but does no damage.
The bullfrog hits you.
You barely miss the bullfrog.
The bullfrog is lightly wounded.
The bullfrog barely misses you. x2
Your magical contamination has completely faded away.
You hit the bullfrog.
The bullfrog is moderately wounded.
The bullfrog hits you.
* * * LOW HITPOINT WARNING * * *
The bullfrog barely misses you.
You hit the bullfrog.
The bullfrog is poisoned.
The bullfrog is moderately wounded.
The bullfrog barely misses you. The bullfrog hits you.
* * * LOW HITPOINT WARNING * * *
You barely miss the bullfrog.
The bullfrog is moderately wounded.
The bullfrog hits you but does no damage. x2
You closely miss the bullfrog.
The bullfrog is moderately wounded.
The bullfrog closely misses you. The bullfrog barely misses you.
You barely miss the bullfrog.
The bullfrog is moderately wounded.
The bullfrog closely misses you. The bullfrog hits you.
* * * LOW HITPOINT WARNING * * *
You closely miss the bullfrog.
The bullfrog is heavily wounded.
The bullfrog hits you.
* * * LOW HITPOINT WARNING * * *
The bullfrog hits you.
* * * LOW HITPOINT WARNING * * *
You closely miss the bullfrog.
The bullfrog is heavily wounded.
The bullfrog hits you.
You die...

#.# ≈≈≈≈≈≈≈≈≈≈≈≈≈≈.#
#≈# #≈≈≈≈≈≈≈≈≈≈≈≈≈≈.#
#≈# #≈≈≈≈.≈≈≈≈≈≈≈≈≈≈.#
#.# #≈≈∩.≈≈≈.≈≈≈≈≈≈÷.#
#≈# #≈≈≈.≈..≈≈≈≈≈≈≈≈.#
#†# ≈≈≈≈..≈...≈≈≈≈≈≈.#
#.# ≈≈≈≈≈≈†≈≈.≈≈≈≈≈≈.#
### #.#
≈≈≈≈≈?$≈.≈≈≈≈≈≈≈.# #.#
#.# ≈≈≈≈.([}@≈≈≈≈≈≈≈.#
#∩# #.#
≈≈≈≈≈.!F≈≈≈≈≈≈≈≈.# #.#
#.# ≈≈≈≈≈..≈≈≈≈≈.≈≈≈.#
#∩# #.#
#≈≈≈≈≈≈≈≈≈≈≈.≈≈≈.# #.#
#.# #≈≈≈≈≈≈≈≈≈≈≈.≈≈≈.#
#.# #.#
#≈≈≈≈≈≈≈≈≈≈≈.≈≈≈.###≈##
#.#
##≈≈≈≈≈≈≈≈≈#.≈≈≈.##.≈.#
#.#
##≈≈≈≈≈≈≈≈#÷≈≈≈.##≈≈≈#
#.#
##≈≈≈≈≈###.≈≈≈.##≈≈.#


You could see a bullfrog (poisoned).

Vanquished Creatures
  A bullfrog (Sewer)
  2 orc priests (D:3)
  An iguana (D:3)
  Terence (D:2)
  2 orc wizards
  Natasha (twice) (D:2)
  11 gnolls (D:3)
  11 adders
  A worm (D:2)
  A dart slug (D:4)
  6 orcs
  5 bats
  7 endoplasms
  18 giant cockroaches
  29 goblins
  28 hobgoblins
  2 jackals (D:3)
  11 quokkas
  10 ball pythons
  8 frilled lizards
  13 kobolds
  2 rats
172 creatures vanquished.

Notes
Turn   | Place    | Note
-------+----------+-------------------------------------------
     0 | D:1      | jimonade the Ogre Conjurer began the quest for the Orb.
     0 | D:1      | Reached XP level 1. HP: 16/16 MP: 3/3
   328 | D:1      | Reached XP level 2. HP: 26/26 MP: 1/5
   496 | D:1      | Reached skill level 1 in Fighting
   923 | D:1      | Reached XP level 3. HP: 33/33 MP: 2/7
  1113 | D:1      | Learned a level 2 spell: Searing Ray
  1261 | D:1      | Reached skill level 3 in Spellcasting
  1571 | D:2      | Noticed Terence
  1579 | D:2      | Killed Terence
  1580 | D:2      | Reached XP level 4. HP: 39/42 MP: 0/9
  1703 | D:2      | Noticed Natasha
  1715 | D:2      | Killed Natasha
  1911 | D:2      | Noticed Natasha
  1919 | D:2      | Killed Natasha
  1920 | D:2      | Reached XP level 5. HP: 49/49 MP: 1/10
  2270 | D:2      | Reached skill level 1 in Hexes
  2690 | D:3      | Reached skill level 4 in Spellcasting
  2845 | D:3      | Found a snail-covered altar of Cheibriados.
  3100 | D:3      | Reached skill level 1 in Translocations
  3279 | D:3      | Reached XP level 6. HP: 59/59 MP: 8/12
  3529 | D:3      | Found a faded altar of an unknown god.
  3621 | D:3      | Learned a level 4 spell: Fulminant Prism
  3626 | D:3      | Learned a level 4 spell: Iskenderun's Mystic Blast
  3957 | D:3      | Reached skill level 5 in Spellcasting
  4478 | D:3      | Reached skill level 5 in Conjurations
  4510 | D:3      | Reached XP level 7. HP: 67/67 MP: 7/14
  5235 | D:4      | You fall into a shaft and drop 1 floor!
  5235 | D:5      | Entered Level 5 of the Dungeon
  5349 | D:5      | Noticed Edmund
  5527 | D:4      | Found a glowing drain.
  5531 | Sewer    | Entered a sewer
  5923 | Sewer    | Reached skill level 6 in Spellcasting
  5931 | Sewer    | HP: 2/67 [bullfrog (4)]
  5932 | Sewer    | Slain by a bullfrog

Illustrated notes

Levels and vault maps discovered:
D:1:      minmay_arrival_up_and_down, layout_basic
D:2:      layout_rooms, uniq_terence, uniq_natasha
D:3:      minmay_goblin_kobold_castle, layout_rooms,
          mainiacjoe_overflow_alcove_4, chequers_ecumenical_altar_grove
D:4:      layout_rooms, portal_sewer_entry_e, glass_columns_c
D:5:      old_forge, layout_cave_pools, temple_fountains,
          nicolae_fountain_basement, uniq_blork_the_orc, uniq_edmund,
          uniq_crazy_yiuf_cottage
Sewer:    sewer_frog_island_01

Skill      XL: |  1  2  3  4  5  6  7 |
---------------+----------------------+-----
Fighting       | 1 2 3 |  3.6
Conjurations   | 4 5 |  5.2
Spellcasting   | 3 4 5 6 |  6.0
Hexes          | 1 2 |  2.1
Translocations | 1 |  1.7
Dodging        | |  1.7
Stealth        | |  1.4

Action                   |  1- 3 |  4- 6 |  7- 9 || total
-------------------------+-------+-------+-------++-------
Melee: Unarmed           |    19 |       |       ||    19
       Short sword       |     1 |     2 |       ||     3
       Quarterstaff      |       |    11 |    53 ||    64
 Cast: Magic Dart        |    58 |    97 |    74 ||   229
       Searing Ray       |     2 |    30 |     4 ||    36
  Use: Scroll            |       |       |    14 ||    14
Armor: Robe              |    14 |     8 |    22 ||    44
Dodge: Dodged            |     9 |    42 |    51 ||   102

Table legend: (Time is in decaauts)
 A = Elapsed time spent in this place.
 B = Non-inter-level travel time spent in this place.
 C = Inter-level travel time spent in this place.
 D = Time resting spent in this place.
 E = Time spent auto-exploring this place.
 F = Levels seen in this place.
 G = Mean time per level.
                   A        B        C        D        E       F      G
               +--------+--------+--------+--------+--------+-----+--------+
         Total |   5984 |   5789 |    195 |     59 |   4248 |   6 |  997.3 |
       Dungeon |   5562 |   5367 |    195 |     59 |   3935 |   5 | 1112.4 |
         Sewer |    422 |    422 |      0 |      0 |    312 |   1 |  422.0 |
               +--------+--------+--------+--------+--------+-----+--------+

Top non-repeatable levels by time:
     D:3: 2654 daAuts
     D:1: 1543 daAuts
     D:2: 904 daAuts
   Sewer: 422 daAuts
     D:4: 341 daAuts
     D:5: 118 daAuts
